 Dungeon Crawl Stone Soup version 0.31-a0-986-g5e6e4ef867 (webtiles) character file.

Game seed: 12245408984296315355

141 LeprechaunX the Changeling (level 5, -4/35 HPs)
             Began as an Octopode Shapeshifter on Nov 7, 2023.
             Slain by Grinder (7 damage)
             ... while paralysed by Grinder
             ... on level 3 of the Dungeon.
             The game lasted 00:02:25 (1957 turns).

LeprechaunX the Changeling (Octopode Shapeshifter)  Turns: 1957, Time: 00:02:26

Health: -4/35      AC:  1    Str: 13    XL:     5   Next: 24%
Magic:  5/5        EV:  2    Int: 12    God:
Gold:   131        SH:  0    Dex: 14    Spells: 4/4 levels left

rFire   . .          .
                       - Unarmed
rCold   . . .        (no shield)
rNeg    . . .        (helmet currently unavailable)
rPois   .            (no amulet)
rElec   .            (no ring)
rCorr   .            (no ring)
SInv    .            (no ring)
Will    .....        (no ring)
Stlth   ++           (no ring)
HPRegen 0.25/turn    (no ring)
MPRegen 0.09/turn    (no ring)
                     (no ring)

%: no passive effects
@: paralysed, beast-form
A: beast (slay +2), almost no armour, amphibious, 8 rings, camouflage 1,
gelatinous body 1, (nimble swimmer 1), tentacles
a: Begin Untransformation


You were on level 3 of the Dungeon.
You were a hulking beast.
You visited 1 branch of the dungeon, and saw 3 of its levels.

You collected 131 gold pieces.

Inventory:

Missiles
 o - a boomerang
Talismans
 b - a beast talisman
 c - a flux talisman
 j - a maw talisman
Scrolls
 e - a scroll of amnesia {unknown}
 h - 2 scrolls of identify {unknown}
 i - a scroll of teleportation {unknown}
 k - a scroll of noise {unknown}
 n - a scroll of blinking {unknown}
Potions
 a - a potion of lignification
 d - a potion of might {unknown}
 f - 5 potions of curing {unknown}
 g - a potion of invisibility {unknown}
 l - a potion of attraction {unknown}
 m - a potion of magic {unknown}


   Skills:
 + Level 2.3 Fighting
 + Level 0.1 Throwing
 - Level 2.0 Dodging
 + Level 3.8 Unarmed Combat
 * Level 4.3 Shapeshifting


You had 4 spell levels left.
You didn't know any spells.
Your spell library contained the following spells:

 Spells                   Type           Power      Damage    Failure   Level
 Magic Dart               Conj           0%         1d3       32%         1
 Call Imp                 Summ           0%         N/A       45%         2
 Poisonous Vapours        Pois/Air       0%         N/A       45%         2
 Mephitic Cloud           Conj/Pois/Air  0%         N/A       69%         3
 Freezing Cloud           Conj/Ice/Air   0%         6-21      100%        5


Dungeon Overview and Level Annotations

Branches:
Dungeon (3/15)

Altars:

Annotations:
D:3 Grinder


Innate Abilities, Weirdness & Mutations

You are a hulking beast.
Your limbs bulge with bestial killing power. (Slay +2)
You cannot wear most types of armour.
You are amphibious.
You can wear up to eight rings at the same time.
Your skin changes colour to match your surroundings (Stealth+).
Your rubbery body absorbs attacks. (AC +1, EV +1)
((You are camouflaged when in or above water. (Stealth+)))
You have tentacles for arms and can constrict up to eight enemies at once.


Message History

You tentacle-slap the adder but do no damage.
The adder is lightly wounded.
You constrict the adder. The adder bites you.
You barely miss the adder.
The adder is moderately wounded.
You constrict the adder. The adder bites you.
You tentacle-slap the adder. You squeeze the adder.
You kill the adder!
Grinder gestures at you.
You barely resist.
Throw: 2 throwing nets
Press: ? - help, Q - select action, (/) - cycle Shift-Dir - straight line, f/p - Grinder
Aim: Grinder (55% to hit)
You throw a throwing net. The throwing net barely misses Grinder.
Throw: throwing net
Press: ? - help, Q - select action, (/) - cycle Shift-Dir - straight line, f/p - Grinder
Aim: Grinder (57% to hit)
You throw a throwing net. The throwing net barely misses Grinder.
Grinder misses you.
You tentacle-slap Grinder. Your grab misses Grinder. You squeeze Grinder!
Grinder is heavily wounded.
Grinder hits you.
You writhe in agony.
You tentacle-slap Grinder. You grab Grinder.
Grinder is heavily wounded.
You constrict Grinder, but do no damage.
Grinder gestures at you.
You barely resist. You tentacle-slap Grinder.
Grinder is heavily wounded.
You constrict Grinder, but do no damage.
Grinder gestures at you.
You suddenly lose the ability to move!
You lose your grip on Grinder.
Grinder hits you!
You writhe in agony.
Grinder hits you!
* * * LOW HITPOINT WARNING * * *
You writhe in agony.
* * * LOW HITPOINT WARNING * * *
Grinder hits you!
You die...
Grinder says, "Now the real fun starts!"

#.#
####......#
##....#.#..#
......#.#..#
#.........#
#....#.##.#
####.#.##.#
#......#
###.#### #h#
#5# ...
##.## ...
... ...
##(##


You could see Grinder.

Vanquished Creatures
  Robin (D:3)
  4 gnolls (D:3)
  5 adders
  4 orcs (D:3)
  2 endoplasms
  2 giant cockroaches (D:1)
  9 goblins
  4 hobgoblins
  2 jackals (D:1)
  2 quokkas
  5 ball pythons
  A frilled lizard (D:2)
  5 rats
46 creatures vanquished.

Notes
Turn   | Place    | Note
-------+----------+-------------------------------------------
     0 | D:1      | LeprechaunX the Octopode Shapeshifter began the quest for
                  | the Orb.
     0 | D:1      | Reached XP level 1. HP: 13/13 MP: 1/1
   202 | D:1      | Reached XP level 2. HP: 14/18 MP: 2/2
   757 | D:2      | Reached XP level 3. HP: 23/23 MP: 3/3
  1469 | D:3      | Noticed Robin
  1504 | D:3      | Reached XP level 4. HP: 16/29 MP: 4/4
  1614 | D:3      | Killed Robin
  1639 | D:3      | Reached skill level 4 in Shapeshifting
  1753 | D:3      | Noticed a scorpion
  1781 | D:3      | Reached XP level 5. HP: 17/34 MP: 5/5
  1936 | D:3      | Noticed Grinder
  1954 | D:3      | Paralysed by Grinder for 4 turns
  1957 | D:3      | Slain by Grinder

Illustrated notes

Levels and vault maps discovered:
D:1:      ldierk_walled_garden, layout_rooms, serial_forest,
          infiniplex_forest_end_double, infiniplex_forest_clump_curved,
          infiniplex_forest_split, infiniplex_forest_clump_small,
          infiniplex_forest_corner_1, infiniplex_forest_clump_medium,
          infiniplex_forest_lined_2
D:2:      layout_loops_corners
D:3:      layout_loops_corners, nicolae_overflow_ecumenical_swirl, uniq_ijyb,
          uniq_robin, uniq_grinder, uniq_jessica

Skill      XL: |  1  2  3  4 |
---------------+-------------+-----
Fighting       | 2 |  2.3
Shapeshifting  | 4 |  4.3
Throwing       | |  0.1
Dodging        | |  2.0
Unarmed Combat | |  3.8

Action                     |  1- 3 |  4- 6 || total
---------------------------+-------+-------++-------
  Melee: Unarmed           |    47 |    48 ||    95
         Constrict         |    13 |    12 ||    25
         Tentacles         |    11 |    10 ||    21
         Punch             |       |     3 ||     3
  Throw: Boomerang         |       |     5 ||     5
         Throwing net      |       |     2 ||     2
   Stab: Sleeping          |     5 |       ||     5
 Armour: Skin              |    14 |    25 ||    39
  Dodge: Dodged            |    29 |    22 ||    51

Table legend: (Time is in decaauts)
 A = Elapsed time spent in this place.
 B = Non-inter-level travel time spent in this place.
 C = Inter-level travel time spent in this place.
 D = Time resting spent in this place.
 E = Time spent auto-exploring this place.
 F = Levels seen in this place.
 G = Mean time per level.
                   A        B        C        D        E       F      G
               +--------+--------+--------+--------+--------+-----+--------+
         Total |   1952 |   1892 |     60 |    258 |   1334 |   3 |  650.7 |
       Dungeon |   1952 |   1892 |     60 |    258 |   1334 |   3 |  650.7 |
               +--------+--------+--------+--------+--------+-----+--------+

Top non-repeatable levels by time:
     D:2: 1042 daAuts
     D:1: 504 daAuts
     D:3: 405 daAuts
